 Dungeon Crawl Stone Soup version 0.29-a0-553-g81b289dbe5 (webtiles) character file.

Game seed: 10505690931767331590

95 zero the Magician (level 4, -1/27 HPs)
             Began as an Octopode Earth Elementalist on June 6, 2022.
             Succumbed to an adder's poison
             ... on level 3 of the Dungeon.
             The game lasted 00:02:26 (3253 turns).

zero the Magician (Octopode Earth Elementalist)     Turns: 3253, Time: 00:02:27

Health: -1/27      AC:  1    Str:  7    XL:     4   Next: 65%
Magic:  6/9        EV: 13    Int: 19    God:
Gold:   125        SH:  0    Dex: 12    Spells: 6/10 levels left

rFire   . . .      SeeInvis .   (no weapon)
rCold   . . .      Faith    .   (no shield)
rNeg    . . .      Spirit   .   (helmet restricted)
rPois   .          Reflect  .   (no amulet)
rElec   .          Harm     .   (no ring)
rCorr   .          Rampage  .   (no ring)
Will    .....      Clarity  +   (no ring)
Stlth   +++.......              (no ring)
HPRegen 0.09/turn               (no ring)
MPRegen 0.11/turn               (no ring)
                                (no ring)
                                (no ring)

@: brilliant, lethally poisoned (-1 -> -8), hasted, very quick
A: almost no armour, amphibious, 8 rings, camouflage 1, gelatinous body 1,
(nimble swimmer 1), tentacles, clarity, inability to read while threatened
a: no special abilities


You were on level 3 of the Dungeon.
You visited 1 branch of the dungeon, and saw 3 of its levels.

You collected 125 gold pieces.

Inventory:

Missiles
 a - 63 stones
 j - 3 poisoned darts
Scrolls
 d - 4 scrolls of identify {unknown}
 f - a scroll of teleportation {unknown}
 g - a scroll of poison {unknown}
 i - a scroll of vulnerability {unknown}
Potions
 b - a potion of magic
 c - a potion of mutation
 h - 2 potions of brilliance


   Skills:
 - Level 2.0 Dodging
 - Level 2.6 Stealth
 + Level 3.8 Spellcasting
 * Level 1.3 Conjurations
 - Level 1.0 Transmutations
 * Level 3.4 Earth Magic


You had 6 spell levels left.
You knew the following spells:

 Your Spells              Type           Power      Damage    Failure   Level
a - Sandblast             Erth           48%        2d12      3%          1
b - Stone Arrow           Conj/Erth      36%        3d9       16%         3

Your spell library contained the following spells:

 Spells                   Type           Power      Damage    Failure   Level
 Passwall                 Tmut/Erth      15%        N/A       9%          2
 Petrify                  Tmut/Erth      18%        N/A       50%         4


Dungeon Overview and Level Annotations

Branches:
Dungeon (3/15)

Altars:

Annotations:
D:2 Robin


Innate Abilities, Weirdness & Mutations

You cannot wear most types of armour.
You are amphibious.
You can wear up to eight rings at the same time.
Your skin changes colour to match your surroundings (Stealth+).
Your rubbery body absorbs attacks. (AC +1, EV +1)
((You are camouflaged when in or above water. (Stealth+)))
You have tentacles for arms and can constrict up to eight enemies at once.
You possess an exceptional clarity of mind.
You sometimes lose the ability to read scrolls when taking damage.


Message History

You are poisoned.
The adder poisons you!
The blast of sand misses the adder. x2; You feel sick.
The adder bites you.
You are more poisoned.
The adder poisons you! The adder bites you.
You are lethally poisoned!
The adder poisons you!
You are too injured to fight recklessly!
You are too injured to fight recklessly!
You are too injured to fight recklessly!
You are too injured to fight recklessly!
Casting: Sandblast (safe; 3% risk of failure)
Confirm with . or Enter, or press ? or * to list all spells.
Aiming: Sandblast (safe; 3% risk of failure)
Press: ? - help, Shift-Dir - straight line, f/p - adder
Aim: an adder (moderately wounded, 66% to hit)
The blast of sand hits the adder!
You kill the adder!
You feel very sick.
Casting: Sandblast (safe; 3% risk of failure)
Confirm with . or Enter, or press ? or * to list all spells.
Aiming: Sandblast (safe; 3% risk of failure)
Press: ? - help, Shift-Dir - straight line, f - adder
Aim: an adder (66% to hit)
The blast of sand misses the adder.
* * * LOW HITPOINT WARNING * * *
You feel very sick. The adder closely misses you. The adder barely misses you.
It was a potion of mutation.
You feel extremely strange.
You lose the ability to read scrolls when threatened.
Your thoughts seem clearer.
* * * LOW HITPOINT WARNING * * *
You feel sick. The adder bites you.
* * * LOW HITPOINT WARNING * * *
It was a potion of brilliance.
You feel clever all of a sudden.
* * * LOW HITPOINT WARNING * * *
You feel sick. The adder closely misses you.
It was a potion of haste.
You feel yourself speed up.
You die...

#....# #....# ###
#....##########
..######..........<..#
..'.........[#####.#.#
..####.......# ...#.#
..# #...<...# #####.##
### #.......# #......#
#.......# #@######
######.......# #S#
.....#.#####...#.#
)....#......####.#
<....+......+ ...
.....#......# ###
.....#......#
############# #


You could see an adder.

Vanquished Creatures
  Jessica (D:2)
  3 adders
  2 ball pythons
  2 bats
  4 endoplasms
  3 giant cockroaches
  10 goblins
  3 hobgoblins
  3 frilled lizards
  8 kobolds
  2 rats
41 creatures vanquished.

Notes
Turn   | Place    | Note
-------+----------+-------------------------------------------
     0 | D:1      | zero the Octopode Earth Elementalist began the quest for
                  | the Orb.
     0 | D:1      | Reached XP level 1. HP: 11/11 MP: 3/3
   475 | D:1      | Reached XP level 2. HP: 5/17 MP: 1/5
  1479 | D:2      | Noticed Jessica
  1484 | D:2      | Killed Jessica
  1485 | D:2      | Reached XP level 3. HP: 21/21 MP: 6/8
  1489 | D:2      | Learned a level 3 spell: Stone Arrow
  1771 | D:2      | Noticed Robin
  1773 | D:2      | Reached XP level 4. HP: 25/27 MP: 9/9
  2394 | D:2      | Reached skill level 1 in Conjurations
  3251 | D:3      | Gained mutation: You sometimes lose the ability to read
                  | scrolls when taking damage. [potion of mutation]
  3251 | D:3      | Gained mutation: You possess an exceptional clarity of
                  | mind. [potion of mutation]
  3252 | D:3      | HP: 1/27 [poisoned by an adder]
  3253 | D:3      | Succumbed to an adder's poison

Illustrated notes

Levels and vault maps discovered:
D:1:      dpeg_arrival_pond, layout_loops_ring
D:2:      layout_basic, uniq_jessica, uniq_robin
D:3:      layout_basic, grunt_ministairs_9

Skill      XL: |  1  2  3  4 |
---------------+-------------+-----
Spellcasting   | 3 |  3.8
Conjurations   | 1 |  1.3
Dodging        | |  2.0
Stealth        | |  2.6
Transmutations | |  1.0
Earth Magic    | |  3.4

Action                   |  1- 3 |  4- 6 || total
-------------------------+-------+-------++-------
Melee: Unarmed           |    28 |    46 ||    74
       Constrict         |     9 |    11 ||    20
       Tentacles         |     8 |    11 ||    19
       Punch             |     2 |     1 ||     3
 Cast: Sandblast         |    17 |    10 ||    27
  Use: Potion            |       |     3 ||     3
 Stab: Sleeping          |     6 |     4 ||    10
Armor: Skin              |     1 |     4 ||     5
Dodge: Dodged            |    22 |    39 ||    61

Table legend: (Time is in decaauts)
 A = Elapsed time spent in this place.
 B = Non-inter-level travel time spent in this place.
 C = Inter-level travel time spent in this place.
 D = Time resting spent in this place.
 E = Time spent auto-exploring this place.
 F = Levels seen in this place.
 G = Mean time per level.
                   A        B        C        D        E       F      G
               +--------+--------+--------+--------+--------+-----+--------+
         Total |   3253 |   3113 |    140 |    880 |   1885 |   3 | 1084.3 |
       Dungeon |   3253 |   3113 |    140 |    880 |   1885 |   3 | 1084.3 |
               +--------+--------+--------+--------+--------+-----+--------+

Top non-repeatable levels by time:
     D:1: 1562 daAuts
     D:2: 1524 daAuts
     D:3: 166 daAuts
